[Event "K21"]
[Site "?"]
[Date "2025.08.07"]
[Round "7"]
[White "Schunke, Oliver"]
[Black "Nelson, Wayne"]
[Result "1/2-1/2"]
[ECO "B11"]
[WhiteElo "1875"]
[BlackElo "1872"]
[Annotator ",martin-koller@seznam"]
[PlyCount "75"]
[TimeControl "240+2"]

{600MB, Fritz10.ctg} 1. Nc3 d5 2. e4 c6 3. Nf3 Bg4 4. h3 Bxf3 5. Qxf3 Nf6 6.
exd5 cxd5 7. Bb5+ Nc6 8. O-O e6 9. Re1 Be7 10. d4 O-O 11. Be3 Rc8 12. a3 Na5
13. Bd3 Nc4 14. Nd1 Qb6 15. Qg3 Bd6 16. Qh4 Nxe3 17. Nxe3 h6 18. Ng4 Nxg4 19.
Qxg4 Be7 20. Rab1 Bf6 21. c3 Qc6 22. Qe2 a6 23. Rbd1 Qd6 24. Bb1 g6 25. Qg4 Bg7
26. Re3 b5 27. Rde1 Rce8 28. f4 a5 29. h4 h5 30. Qf3 f5 31. g3 b4 32. axb4 axb4
33. Ba2 bxc3 34. bxc3 Qc6 35. Rxe6 Rxe6 36. Qxd5 Qxd5 37. Bxd5 Kf7 38. Rxe6 neèitlené 
1/2-1/2

[Event "K21"]
[Site "?"]
[Date "2025.08.07"]
[Round "7"]
[White "Smisek, Robin"]
[Black "Hartmann, Jorg"]
[Result "1-0"]
[ECO "C47"]
[WhiteElo "1823"]
[BlackElo "1935"]
[Annotator ",martin-koller@seznam"]
[PlyCount "60"]
[TimeControl "240+2"]

{600MB, Fritz10.ctg} 1. e4 e5 2. Nf3 Nc6 3. Nc3 Nf6 4. d4 exd4 5. Nxd4 Bb4 6.
Nxc6 Bxc3+ 7. bxc3 dxc6 8. Qxd8+ Kxd8 9. Bg5 h6 10. Bxf6+ gxf6 11. O-O-O+ Ke7
12. Bc4 Rg8 13. g3 b5 14. Bb3 Be6 15. f4 Rad8 16. f5 Bxb3 17. cxb3 c5 18. Rxd8
Rxd8 19. Rd1 Rxd1+ 20. Kxd1 Kd6 21. Ke2 Ke5 22. Ke3 h5 23. h4 Kd6 24. Kf4 a5
25. g4 hxg4 26. Kxg4 Ke7 27. Kf4 c6 28. h5 Kf8 29. e5 fxe5+ 30. Kxe5 Kg7 1-0

[Event "M21"]
[Site "?"]
[Date "2025.08.07"]
[Round "8"]
[White "Thomasson, Staffan"]
[Black "Koller, Martin"]
[Result "0-1"]
[ECO "A96"]
[WhiteElo "1877"]
[BlackElo "1993"]
[Annotator ",martin-koller@seznam"]
[PlyCount "92"]
[TimeControl "240+2"]

{600MB, Fritz10.ctg} 1. c4 f5 2. d4 e6 3. Nf3 Nf6 4. g3 Be7 5. Bg2 d6 6. O-O
O-O 7. b3 Ne4 8. Bb2 Bf6 9. Nbd2 Nc6 10. e3 Nxd2 11. Qxd2 e5 12. d5 Ne7 13.
Rfd1 Ng6 14. Rac1 f4 15. exf4 exf4 16. Bxf6 Qxf6 17. Re1 Bg4 18. Nd4 f3 19. h3
fxg2 20. hxg4 Ne5 21. g5 Qg6 22. f4 Nd3 23. f5 Nxe1 24. Rxe1 Rxf5 25. Nxf5 Qxf5
26. Kxg2 Rf8 27. Qe3 Kh8 28. Kg1 g6 29. Kg2 b6 30. Qd4+ Kg8 31. Re7 Rf7 32.
Re8+ Rf8 33. Rxf8+ Qxf8 34. Qg4 Qe8 35. Kf3 Qf7+ 36. Qf4 Qe7 37. g4 Qe1 38. Qf6
Qf1+ 39. Kg3 Qxf6 40. gxf6 g5 41. Kf3 Kf7 42. Ke4 Kxf6 43. a3 Kg6 44. Kf3 h5
45. Kg3 h4+ 46. Kf3 Kf6 0-1

[Event "M21"]
[Site "?"]
[Date "2025.08.07"]
[Round "8"]
[White "Hanl, Frantisek"]
[Black "Rehak, Martin"]
[Result "1-0"]
[ECO "B33"]
[WhiteElo "2136"]
[BlackElo "1843"]
[Annotator ",martin-koller@seznam"]
[PlyCount "41"]
[TimeControl "240+2"]

{600MB, Fritz10.ctg} 1. e4 c5 2. Nf3 Nc6 3. d4 cxd4 4. Nxd4 Nf6 5. Nc3 e5 6.
Ndb5 d6 7. Bg5 a6 8. Bxf6 gxf6 9. Na3 b5 10. Nd5 Bg7 11. Bd3 Ne7 12. Ne3 f5 13.
c4 f4 14. Nd5 Nxd5 15. cxd5 f5 16. exf5 e4 17. Qe2 O-O 18. Bxe4 Qa5+ 19. Kf1
Bxf5 20. Bxf5 Rxf5 21. Nc2 neèitelné 1-0

[Event "M21"]
[Site "?"]
[Date "2025.08.07"]
[Round "8"]
[White "Houska, Jiri"]
[Black "Gunther, Andreas"]
[Result "1/2-1/2"]
[ECO "B01"]
[WhiteElo "2151"]
[BlackElo "2087"]
[Annotator ",martin-koller@seznam"]
[PlyCount "67"]
[TimeControl "240+2"]

{600MB, Fritz10.ctg} 1. e4 d5 2. exd5 Qxd5 3. Nc3 Qa5 4. d4 Nf6 5. Nf3 Nc6 6.
Bb5 Ne4 7. Rb1 Nxc3 8. bxc3 a6 9. Bxc6+ bxc6 10. O-O Bg4 11. h3 Bh5 12. Qd3 f6
13. Bf4 Bg6 14. Qc4 Qd5 15. Qa4 Be4 16. c4 Qd7 17. Rb7 Bxf3 18. gxf3 Qxd4 19.
Bxc7 Qd7 20. Rfb1 Rc8 21. Bg3 Qxh3 22. Rb8 Kf7 23. Qxa6 Rxb8 24. Rxb8 g5 25.
Qxc6 Bg7 26. Qd5+ Qe6 27. Rxh8 Bxh8 28. f4 gxf4 29. Bxf4 f5 30. a4 Bc3 31. Bc7
Kf6 32. Qxe6+ Kxe6 33. Bb6 Kd6 34. f3 1/2-1/2

[Event "M21"]
[Site "?"]
[Date "2025.08.07"]
[Round "8"]
[White "Svoboda, Daniel"]
[Black "Vavrinec, Tomas"]
[Result "1/2-1/2"]
[ECO "C10"]
[WhiteElo "1945"]
[BlackElo "1950"]
[Annotator ",martin-koller@seznam"]
[PlyCount "106"]
[TimeControl "240+2"]

{600MB, Fritz10.ctg} 1. e4 e6 2. d4 d5 3. Nc3 dxe4 4. Nxe4 Nd7 5. Nf3 Be7 6.
Bd3 Ngf6 7. Nxf6+ Nxf6 8. Qe2 c5 9. dxc5 Qa5+ 10. c3 Qxc5 11. Bg5 a6 12. O-O-O
Bd7 13. Ne5 Ba4 14. Rd2 Nd7 15. Nxd7 Bxd7 16. Be3 Qa5 17. Kb1 Bf6 18. Be4 Bb5
19. c4 Bc6 20. Bxc6+ bxc6 21. Bd4 Rd8 22. Rhd1 Qf5+ 23. Ka1 Bxd4 24. Rxd4 Rxd4
25. Rxd4 O-O 26. a3 Rb8 27. Qd3 Qf6 28. Qd2 g6 29. Rd6 Rc8 30. f3 Qe5 31. f4
Qe4 32. Rd4 Qf5 33. g3 Qc5 34. b4 Qb6 35. c5 Qb5 36. Qd3 Qa4 37. Kb2 a5 38.
Rd8+ Rxd8 39. Qxd8+ Kg7 40. Qxa5 Qd1 41. Qa6 Qd4+ 42. Kc2 Qf2+ 43. Kd1 Qg1+ 44.
Kd2 Qxh2+ 45. Qe2 Qxg3 46. Qe5+ f6 47. Qc7+ Kh6 48. Qxc6 Qxf4+ 49. Kc3 Qe3+ 50.
Kb2 Qd2+ 51. Kb3 Qd1+ 52. Kb2 Qd2+ 53. Kb3 Qd1+ 1/2-1/2

[Event "M21"]
[Site "?"]
[Date "2025.08.07"]
[Round "8"]
[White "Staufenberger, Bernd"]
[Black "Novak, Jindrich"]
[Result "0-1"]
[ECO "C30"]
[WhiteElo "1927"]
[BlackElo "2011"]
[Annotator ",martin-koller@seznam"]
[PlyCount "121"]
[TimeControl "240+2"]

{600MB, Fritz10.ctg} 1. e4 d6 2. Nc3 e5 3. f4 Nf6 4. Nf3 Bg4 5. Bc4 Bxf3 6.
Qxf3 Nbd7 7. f5 h5 8. d3 c6 9. a4 Nb6 10. Bg5 Be7 11. Bb3 Ng4 12. Bxe7 Qxe7 13.
h3 Nf6 14. g3 O-O-O 15. O-O d5 16. a5 Na8 17. Kg2 dxe4 18. Nxe4 Nxe4 19. Qxe4
Rd4 20. f6 gxf6 21. Qf5+ Kd8 22. Qxf6 Rf8 23. Rf5 Qxf6 24. Rxf6 Nc7 25. Raf1 e4
26. dxe4 Rxe4 27. Rxf7 Rxf7 28. Rxf7 Re5 29. a6 b6 30. Kf3 Ra5 31. Rh7 Nb5 32.
c3 Rxa6 33. Rxh5 Ra1 34. Re5 Rf1+ 35. Kg2 Rb1 36. Re2 Nxc3 37. Rd2+ Kc7 38. g4
a5 39. g5 Ne4 40. Re2 Nxg5 41. h4 Nh7 42. Rf2 Nf8 43. h5 Kd6 44. Bg8 Ke7 45. h6
a4 46. h7 Nxh7 47. Bxh7 Ra1 48. Kf3 Kd6 49. Ke3 Kc5 50. Rc2+ Kd6 51. Rd2+ Ke5
52. Kd3 a3 53. bxa3 Rxa3+ 54. Kc4 Rh3 55. Bc2 Rh4+ 56. Kb3 b5 57. Bd1 c5 58.
Be2 Rh3+ 59. Kc2 b4 60. Kb2 Rh2 61. Kb3 0-1

[Event "K21"]
[Site "?"]
[Date "2025.08.07"]
[Round "8"]
[White "Hapke, Ralf"]
[Black "Gunther, Arthur"]
[Result "1/2-1/2"]
[ECO "B01"]
[WhiteElo "1820"]
[BlackElo "1832"]
[Annotator ",martin-koller@seznam"]
[PlyCount "22"]
[TimeControl "240+2"]

{600MB, Fritz10.ctg} 1. e4 d5 2. exd5 Qxd5 3. Nc3 Qa5 4. d4 Nf6 5. Bd2 Bg4 6.
f3 Bd7 7. Bc4 Qb6 8. Nge2 Na6 9. Be3 e6 10. Qc1 Be7 11. O-O O-O 1/2-1/2

[Event "K21"]
[Site "?"]
[Date "2025.08.07"]
[Round "8"]
[White "Kostialik, Juraj"]
[Black "Smisek, Robin"]
[Result "1/2-1/2"]
[ECO "D20"]
[WhiteElo "1618"]
[BlackElo "1823"]
[Annotator ",martin-koller@seznam"]
[PlyCount "28"]
[TimeControl "240+2"]

{600MB, Fritz10.ctg} 1. d4 d5 2. c4 dxc4 3. Nc3 Nf6 4. e4 c5 5. Be3 cxd4 6.
Bxd4 Nc6 7. Bxf6 Qxd1+ 8. Rxd1 exf6 9. Bxc4 Bb4 10. Nge2 O-O 11. O-O f5 12. a3
Be7 13. Kh1 Bf6 14. Rd2 fxe4 1/2-1/2

[Event "K21"]
[Site "?"]
[Date "2025.08.07"]
[Round "8"]
[White "Pavlicek, Petr"]
[Black "Plesnivy, Martin"]
[Result "1-0"]
[ECO "E01"]
[WhiteElo "1916"]
[BlackElo "1801"]
[Annotator ",martin-koller@seznam"]
[PlyCount "67"]
[TimeControl "240+2"]

{600MB, Fritz10.ctg} 1. c4 e6 2. Nf3 d5 3. d4 Nf6 4. g3 c6 5. Bg2 Bd6 6. Qc2
Nbd7 7. O-O O-O 8. Bf4 Bxf4 9. gxf4 Ne4 10. Nbd2 Ndf6 11. e3 Nxd2 12. Nxd2 Bd7
13. Kh1 Rc8 14. c5 b6 15. b4 Ng4 16. Nf3 bxc5 17. bxc5 Rb8 18. Rab1 Qa5 19. h3
Nf6 20. Ne5 Rfc8 21. Rg1 g6 22. Bf3 Be8 23. h4 Qd8 24. Rg2 Rxb1+ 25. Qxb1 Ne4
26. h5 Qh4+ 27. Rh2 Qd8 28. hxg6 hxg6 29. Bxe4 dxe4 30. Qxe4 Qc7 31. Nc4 Rb8
32. Nd6 Bd7 33. Qe5 Kf8 34. Qf6 1-0

[Event "K21"]
[Site "?"]
[Date "2025.08.07"]
[Round "8"]
[White "Nelson, Wayne"]
[Black "Langmaier, Michal"]
[Result "0-1"]
[ECO "D00"]
[WhiteElo "1872"]
[BlackElo "1853"]
[Annotator ",martin-koller@seznam"]
[PlyCount "108"]
[TimeControl "240+2"]

{600MB, Fritz10.ctg} 1. d4 d5 2. Bf4 Nf6 3. e3 g6 4. Nc3 c6 5. Nf3 Bg7 6. h4
Bg4 7. Be2 Nbd7 8. Ne5 Bxe2 9. Qxe2 Nxe5 10. Bxe5 Nh5 11. Bxg7 Nxg7 12. O-O-O
Qc7 13. Kb1 O-O-O 14. Rd3 e5 15. Nb5 Qb6 16. Na3 exd4 17. exd4 Rhe8 18. Qd2 Ne6
19. c3 Qc7 20. g3 Ng7 21. Re1 Nf5 22. Nc2 Nd6 23. f4 Ne4 24. Qg2 f5 25. Rdd1
Re7 26. Nb4 Qb6 27. Nd3 Nxc3+ 28. Ka1 Rxe1 29. Rxe1 Qxd4 30. Ne5 Ne4 31. g4 Qf2
32. Qxf2 Nxf2 33. gxf5 gxf5 34. Rf1 Ng4 35. Nf7 Rd7 36. Ng5 d4 37. Rd1 d3 38.
Rd2 Nf6 39. Nf3 Ne4 40. Rd1 d2 41. Kb1 Rd3 42. Ng5 Nxg5 43. hxg5 Rd4 44. Kc2
Kd7 45. Rxd2 Rxd2+ 46. Kxd2 Kd6 47. Kc3 Kd5 48. Kd3 c5 49. a4 b6 50. b3 a6 51.
Kc3 Ke4 52. Kc4 Kxf4 53. a5 bxa5 54. Kxc5 Kxg5 0-1

[Event "M21"]
[Site "?"]
[Date "2025.08.08"]
[Round "9"]
[White "Gunther, Andreas"]
[Black "Svoboda, Daniel"]
[Result "1/2-1/2"]
[ECO "A01"]
[WhiteElo "2087"]
[BlackElo "1945"]
[Annotator ",martin-koller@seznam"]
[PlyCount "29"]
[TimeControl "240+2"]

{600MB, Fritz10.ctg} 1. b3 e5 2. Bb2 Nc6 3. e3 a6 4. d4 exd4 5. exd4 d5 6. Bd3
Nf6 7. Nf3 Bb4+ 8. c3 Bd6 9. Qe2+ Qe7 10. Qxe7+ Nxe7 11. O-O O-O 12. Re1 Bf5
13. Bxf5 Nxf5 14. Nbd2 Rfe8 15. Kf1 1/2-1/2

[Event "M21"]
[Site "?"]
[Date "2025.08.08"]
[Round "9"]
[White "Vavrinec, Tomas"]
[Black "Thomasson, Staffan"]
[Result "1-0"]
[ECO "D74"]
[WhiteElo "1950"]
[BlackElo "1877"]
[Annotator ",martin-koller@seznam"]
[PlyCount "55"]
[TimeControl "240+2"]

{600MB, Fritz10.ctg} 1. Nf3 g6 2. c4 Nf6 3. g3 d5 4. Bg2 Bg7 5. O-O O-O 6. cxd5
Nxd5 7. d4 c6 8. e4 Nc7 9. Nc3 Nd7 10. Be3 b6 11. Qd2 Re8 12. Rfd1 Bb7 13. Rac1
Rc8 14. Bh3 e6 15. Bg5 f6 16. Be3 Qe7 17. a3 Rcd8 18. b4 Ne5 19. Nxe5 fxe5 20.
Bg5 Bf6 21. Bxf6 Qxf6 22. dxe5 Qxe5 23. Qxd8 Rxd8 24. Rxd8+ Kg7 25. f4 Qh5 26.
Rcd1 Qxh3 27. R1d7+ Kh6 28. Rh8 1-0

[Event "M21"]
[Site "?"]
[Date "2025.08.08"]
[Round "9"]
[White "Koller, Martin"]
[Black "Hanl, Frantisek"]
[Result "1/2-1/2"]
[ECO "D00"]
[WhiteElo "1993"]
[BlackElo "2136"]
[Annotator ",martin-koller@seznam"]
[PlyCount "160"]
[TimeControl "240+2"]

{600MB, Fritz10.ctg} 1. d4 Nf6 2. Nc3 d5 3. Bf4 a6 4. e3 e6 5. g4 Bb4 6. Nge2
c5 7. a3 cxd4 8. exd4 Be7 9. Ng3 Nc6 10. g5 Nd7 11. Qd2 h6 12. gxh6 g5 13. Be3
Rxh6 14. f4 gxf4 15. Bxf4 Rh4 16. Bg2 Bf6 17. Bxd5 Nxd4 18. O-O Ne5 19. Bg2 Qb6
20. Kh1 Ng4 21. Nge4 Be7 22. Bg3 Rh5 23. h3 f5 24. Rad1 fxe4 25. Qxd4 Qxd4 26.
Rxd4 Ne3 27. Rxe4 Nxf1 28. Bxf1 Bd7 29. Kh2 Rc8 30. Bc4 e5 31. Bd5 Bxh3 32.
Rxe5 Bf5+ 33. Kg2 Rc5 34. Kf2 b5 35. Re2 Kf8 36. Be5 Bg6 37. Ke1 Bf7 38. Bxf7
Rhxe5 39. Bb3 Rxe2+ 40. Kxe2 Rh5 41. Nd5 Bd6 42. Kd3 Be5 43. Nc3 Rh3+ 44. Kd2
Bxc3+ 45. bxc3 Ke7 46. Kc1 Rxc3 47. Kb2 Rg3 48. Bd5 Kd6 49. Bb3 Kc5 50. Bf7 a5
51. Be6 b4 52. axb4+ Kxb4 53. Bf5 Rc3 54. Bg6 Rc6 55. Be4 Rb6 56. Bd3 Kc5+ 57.
Ka2 Kd4 58. Bf5 Kc3 59. Bh7 Rh6 60. Bd3 Rh1 61. Bf5 Kd2 62. Bd3 Kc1 63. Bf5 Rh4
64. Bd3 Rb4 65. Bf5 Rb2+ 66. Ka3 Rb5 67. Bd3 Rb4 68. Bf5 Rb8 69. Ka4 Rd8 70. c4
Ra8 71. c5 Kd2 72. c6 Ra7 73. Kb5 a4 74. Kb6 a3 75. Be6 Re7 76. Ba2 Re8 77. c7
Kc2 78. Kb7 Kb2 79. Bd5 Re7 80. Kb8 Rxc7 1/2-1/2

[Event "M21"]
[Site "?"]
[Date "2025.08.08"]
[Round "9"]
[White "Novak, Jindrich"]
[Black "Houska, Jiri"]
[Result "0-1"]
[ECO "D02"]
[WhiteElo "2011"]
[BlackElo "2151"]
[Annotator ",martin-koller@seznam"]
[PlyCount "64"]
[TimeControl "240+2"]

{600MB, Fritz10.ctg} 1. d4 Nf6 2. Nf3 d5 3. Bf4 c5 4. Bxb8 Rxb8 5. e3 e6 6. c4
cxd4 7. exd4 Bb4+ 8. Nbd2 O-O 9. a3 Bxd2+ 10. Qxd2 b6 11. cxd5 Qxd5 12. Be2 Bb7
13. O-O Rbc8 14. Rac1 h6 15. Rxc8 Rxc8 16. Rc1 Rxc1+ 17. Qxc1 g5 18. h3 Nh5 19.
Qc7 Nf4 20. Bf1 f6 21. Kh2 Qc6 22. Qxc6 Bxc6 23. Ne1 Kf7 24. g3 Nd5 25. Bc4 Ne7
26. Bd3 Bd5 27. Nc2 Bb3 28. Na1 Bd1 29. Be4 Nd5 30. Bc2 Bxc2 31. Nxc2 Ke7 32.
Kg2 Kd6 neèitelné  0-1

[Event "K21"]
[Site "?"]
[Date "2025.08.08"]
[Round "9"]
[White "Gunther, Arthur"]
[Black "Nelson, Wayne"]
[Result "1/2-1/2"]
[ECO "D02"]
[WhiteElo "1832"]
[BlackElo "1872"]
[Annotator ",martin-koller@seznam"]
[PlyCount "44"]
[TimeControl "240+2"]

{600MB, Fritz10.ctg} 1. d4 c6 2. Nf3 d5 3. e3 Bg4 4. c4 e6 5. Nc3 Nd7 6. Qb3
Bxf3 7. gxf3 Qb6 8. c5 Qc7 9. e4 g6 10. Be3 Bg7 11. f4 Ne7 12. Bh3 O-O 13. f5
exf5 14. exf5 b6 15. cxb6 Nxb6 16. O-O Nc4 17. Qc2 Rfe8 18. Rae1 Qd6 19. b3
Nxe3 20. fxe3 Qf6 21. Rf3 c5 22. Nb5 cxd4 1/2-1/2

[Event "K21"]
[Site "?"]
[Date "2025.08.08"]
[Round "9"]
[White "Smisek, Robin"]
[Black "Pavlicek, Petr"]
[Result "1-0"]
[ECO "B22"]
[WhiteElo "1823"]
[BlackElo "1916"]
[Annotator ",martin-koller@seznam"]
[PlyCount "45"]
[TimeControl "240+2"]

{600MB, Fritz10.ctg} 1. e4 c5 2. c3 d6 3. d4 Nf6 4. dxc5 Nc6 5. Qc2 dxc5 6. Nf3
e6 7. Be2 a6 8. a4 b6 9. O-O Be7 10. Bf4 O-O 11. Rd1 Qe8 12. Na3 Bb7 13. Nc4
Bd8 14. Nd6 Qe7 15. Bg5 e5 16. Bxf6 gxf6 17. Nh4 Qc7 18. Qd2 Kh8 19. Qh6 Rg8
20. Bc4 Rg7 21. Nhf5 Rg6 22. Qf8+ Rg8 23. Nxf7+ 1-0

[Event "K21"]
[Site "?"]
[Date "2025.08.08"]
[Round "9"]
[White "Plesnivy, Martin"]
[Black "Hapke, Ralf"]
[Result "1/2-1/2"]
[ECO "B21"]
[WhiteElo "1801"]
[BlackElo "1820"]
[Annotator ",martin-koller@seznam"]
[PlyCount "26"]
[TimeControl "240+2"]

{600MB, Fritz10.ctg} 1. e4 d5 2. e5 c5 3. f4 Nc6 4. Nf3 Bg4 5. Be2 e6 6. O-O g6
7. Kh1 h5 8. Ng5 Bxe2 9. Qxe2 Nh6 10. c3 Nf5 11. g3 Be7 12. Nf3 Qb6 13. d3 Kf8
1/2-1/2